 Dungeon Crawl Stone Soup version 0.18-a0-1805-g8ab820f (webtiles) character file.

109 warlockg3 the Ruffian (level 4, -2/36 HPs)
             Began as a Draconian Transmuter on Apr 26, 2016.
             Slain by an orc priest
             ... wielding a +0 hand axe
              (4 damage)
             ... on level 3 of the Dungeon.
             The game lasted 00:10:39 (3336 turns).

warlockg3 the Ruffian (Draconian Transmuter)        Turns: 3336, Time: 00:10:40

Health: -2/36      AC:  5    Str: 13    XL:     4   Next: 59%
Magic:  3/7        EV: 12    Int: 14    God:
Gold:   77         SH:  0    Dex: 11    Spells: 3 memorised, 1 level left

rFire  + . .     SeeInvis .       - Unarmed
rCold  + . .     Gourm    .     (armour unavailable)
rNeg   . . .     Faith    .     (no shield)
rPois  +         Spirit   .     (helmet restricted)
rElec  +         Dismiss  .     (no cloak)
rCorr  +         Reflect  .     (no gloves)
SustAt +         Harm     .     (no boots)
MR     .....                    (no amulet)
Stlth  ++........               i - ring of sustain attributes
                                j - ring of stealth

@: resistant, very slightly contaminated, not resistant to hostile enchantments,
unstealthy
A: unfitting armour, cold-blooded, AC +5
a: no special abilities


You were on level 3 of the Dungeon.
You were not hungry.

You visited 1 branch of the dungeon, and saw 3 of its levels.

You collected 77 gold pieces.

Inventory:

Hand Weapons
 c - a +0 spear
Missiles
 a - 44 arrows
Jewellery
 i - a ring of sustain attributes (right hand)
 j - a ring of stealth (left hand)
Scrolls
 f - a scroll of teleportation
 o - a scroll of recharging {unknown}
 r - a scroll of identify {unknown}
 s - a scroll of remove curse {unknown}
Potions
 h - a potion of curing {unknown}
 k - a potion of lignification {unknown}
 l - 2 potions of heal wounds {unknown}
 m - a potion of cure mutation {unknown}
 p - a potion of invisibility {unknown}
 t - a potion of flight {unknown}
Books
 b - a book of Changes

   Spells                             Type                      Level
   a - Beastly Appendage              Transmutation                1
   b - Sticks to Snakes               Transmutation                2
   c - Spider Form                    Transmutation/Poison         3
   d - Ice Form                       Ice/Transmutation            4
   e - Blade Hands                    Transmutation                5
Comestibles
 d - 2 meat rations
 g - a beef jerky
 n - 2 fruits
 q - 2 slices of pizza
 u - 2 chunks of flesh
 v - a bread ration


   Skills:
 + Level 2.0 Fighting
 - Level 0.2 Polearms
 + Level 3.0 Dodging
 * Level 3.7 Unarmed Combat
 + Level 2.3 Spellcasting
 + Level 2.4 Transmutations


You had one spell level left.
You knew the following spells:

 Your Spells              Type           Power        Failure   Level  Hunger
a - Beastly Appendage     Trmt           #.....       10%         1    #......
b - Sticks to Snakes      Trmt           #.......     14%         2    ###....
c - Spider Form           Trmt/Pois      #.........   47%         3    ###....


Dungeon Overview and Level Annotations

Branches:
Dungeon (3/15)

Altars:
Ashenzari


Innate Abilities, Weirdness & Mutations

Your plain brown scales are hard (AC +5).
Your body does not fit into most forms of armour.
You are cold-blooded and may be slowed by cold attacks.


Message History

The orc priest is moderately wounded.
The orc priest hits you with a hand axe.
You hit the orc priest but do no damage.
The orc priest is moderately wounded.
The orc priest hits you but does no damage.
You hit the orc priest but do no damage.
Your punch misses the orc priest.
The orc priest is moderately wounded.
The orc priest closely misses you.
You closely miss the orc priest.
The orc priest is moderately wounded.
The orc priest calls down the wrath of Beogh upon you.
Beogh smites you!
* * * LOW HITPOINT WARNING * * *
Unknown command.
Drink which item? (? for menu, Esc to quit)
It was a potion of resistance.
You feel protected.
The orc priest hits you with a hand axe.
You die...

#### #.o.. .....
####### ###...# ......#
#....# #####.##########
#..o
...............######.#
..#............S@o....#
#.#.#.#########.#######
#.#.#.# #.## #.#.#.#
#..# #...#.# ##.##
#####.#
######..########. ...
.................
#######.##.....#
#..#.....#


You could see an orc priest and a friendly adder.

Vanquished Creatures
  2 adders
  A worm (D:1)
  4 giant geckos
  An orc (D:3)
  3 giant cockroaches (D:1)
  8 goblins
  4 hobgoblins
  2 quokkas (D:2)
  2 ball pythons
  6 bats
  4 giant newts
  4 kobolds
  3 rats (D:1)
44 creatures vanquished.

Vanquished Creatures (collateral kills)
  A giant frog (D:3)
  A worm (D:2)
  An orc (D:3)
  A kobold (D:2)
4 creatures vanquished.

Grand Total: 48 creatures vanquished

Notes
Turn   | Place    | Note
--------------------------------------------------------------
     0 | D:1      | warlockg3 the Draconian Transmuter began the quest for the Orb.
     0 | D:1      | Reached XP level 1. HP: 16/16 MP: 3/3
   386 | D:1      | Reached XP level 2. HP: 3/23 MP: 3/5
  1419 | D:1      | Reached XP level 3. HP: 24/28 MP: 6/6
  1755 | D:2      | Learned a level 2 spell: Sticks to Snakes
  2875 | D:3      | Found a shattered altar of Ashenzari.
  2966 | D:3      | Reached XP level 4. HP: 26/36 MP: 7/7
  3199 | D:3      | Noticed a giant frog
  3210 | D:3      | Killed a giant frog
  3285 | D:3      | Learned a level 3 spell: Spider Form
  3336 | D:3      | Slain by an orc priest

Vault maps used:
D:1:      evilmike_arrival_run_for_it
D:3:      tso_oasis_becter, gammafunk_temple_overflow_wave, first_bread,
          cheibrodos_ashenzari_chains, uniq_grinder

Skill      XL: |  1  2  3  4 |
---------------+-------------+-----
Dodging        | 2 3 |  3.0
Fighting       | 2 |  2.0
Polearms       | |  0.2
Unarmed Combat | |  3.7
Spellcasting   | |  2.3
Transmutations | |  2.4

Action                   |  1- 3 |  4- 6 || total
-------------------------+-------+-------++-------
Melee: Unarmed           |   155 |    18 ||   173
       Kick              |     5 |       ||     5
       Tailslap          |    19 |     2 ||    21
       Headbutt          |     1 |       ||     1
       Spear             |    29 |     3 ||    32
       Punch             |     1 |       ||     1
 Cast: Beastly Appendage |    12 |     1 ||    13
       Sticks to Snakes  |     2 |     4 ||     6
  Use: Scroll            |     2 |       ||     2
       Potion            |       |     1 ||     1
 Stab: Sleeping          |     3 |     1 ||     4
  Eat: Chunk             |     3 |     1 ||     4
       Bread ration      |     1 |       ||     1
Armor: Skin              |    53 |     2 ||    55
Dodge: Dodged            |   124 |     8 ||   132
